 Dungeon Crawl Stone Soup version 0.27-a0-1332-g84bddb5ca7 (webtiles) character file.

Game seed: 10884882873893246710

14392 unlimited the Destroyer (level 11, -5/80 HPs)
             Began as a Demigod Conjurer on June 25, 2021.
             Slain by a yak (8 damage)
             ... led by a torpor snail
             ... on level 1 of the Lair of Beasts on June 26, 2021.
             The game lasted 05:18:50 (19980 turns).

unlimited the Destroyer (Demigod Conjurer)         Turns: 19980, Time: 05:18:50

Health: -5/80      AC: 10    Str:  8    XL:     11   Next: 58%
Magic:  6/28       EV: 16    Int: 32    God:
Gold:   465        SH:  0    Dex: 12    Spells: 7/28 levels left

rFire    . . .     SeeInvis .   a - +4 quarterstaff (chaos)
rCold    . . .     Faith    .   (shield currently unavailable)
rNeg     . . .     Spirit   .   h - +0 acid dragon scales
rPois    .         Reflect  .   v - +0 hat {Stlth+}
rElec    .         Harm     .   k - +1 cloak {rCorr}
rCorr    +         Rampage  .   b - +0 pair of gloves
Will     +....                  (no boots)
Stlth    +++.......             (no amulet)
HPRegen  0.23/turn              t - +4 ring of evasion
MPRegen  0.21/turn              p - ring of wizardry

@: about to teleport, hasted, very quick
A: high mp 1, forlorn
a: no special abilities


You were on level 1 of the Lair of Beasts.
You visited 3 branches of the dungeon, and saw 12 of its levels.

You collected 768 gold pieces.
You spent 303 gold pieces at shops.

Inventory:

Hand Weapons
 a - a +4 quarterstaff of chaos (weapon)
 n - a +0 scythe of venom
 z - a +0 hunting sling
 D - a +1 glaive of flaming
 H - a +0 shortbow
 N - a +0 hand crossbow
 Q - a +2 trident of protection
Missiles
 g - 158 stones
 j - 23 poisoned darts
 l - 10 silver boomerangs
 q - 92 sling bullets
 I - 95 arrows
 M - 4 boomerangs of dispersal
Armour
 b - a +0 pair of gloves (worn)
 h - +0 acid dragon scales (worn)
 k - a +1 cloak of preservation (worn)
 v - a +0 hat of stealth (worn)
 w - a +0 robe of positive energy
 F - the +10 kite shield "Cappeil" {*Slow +Blink rElec}
   (You took it off an orc on level 6 of the Dungeon)

   It insulates you from electricity.
   It lets you blink.
   It may slow you when you take damage.
Magical Staves
 f - a staff of poison
 u - a staff of cold
Jewellery
 e - a ring of protection from fire
 p - a ring of wizardry (right hand)
 t - a +4 ring of evasion (left hand)
 x - a ring of positive energy
Wands
 m - a wand of iceblast (10)
 K - a wand of digging (1)
 O - a wand of paralysis (9) (quivered)
Scrolls
 i - a scroll of immolation
 o - a scroll of amnesia
 s - a scroll of fear
 y - 3 scrolls of fog
 C - 3 scrolls of teleportation
 J - a scroll of magic mapping
 P - a scroll of enchant armour
Potions
 r - a potion of might
 A - a potion of flight
 B - 3 potions of attraction
 E - a potion of resistance
 G - a potion of lignification
 L - a potion of brilliance


   Skills:
 + Level 2.5 Fighting
 + Level 4.2 Staves
 + Level 0.3 Throwing
 + Level 4.5 Armour
 + Level 3.8 Dodging
 + Level 4.4 Stealth
 + Level 9.3 Spellcasting
 + Level 9.4 Conjurations
 + Level 6.4 Hexes
 + Level 4.3 Summonings
 + Level 1.1 Ice Magic
 + Level 1.2 Air Magic


You had 7 spell levels left.
You knew the following spells:

 Your Spells              Type           Power      Damage    Failure   Level
a - Magic Dart            Conj           100%       1d8       1%          1
b - Dazzling Flash        Conj/Hex       100%       N/A       1%          3
c - Searing Ray           Conj           100%       3d7       1%          2
d - Fulminant Prism       Conj/Hex       30%        3d16      1%          4
e - Summon Guardian Gole  Hex/Summ       49%        N/A       1%          3
f - Summon Ice Beast      Ice/Summ       32%        N/A       8%          4
g - Summon Lightning Spi  Summ/Air       32%        N/A       7%          4

Your spell library contained the following spells:

 Spells                   Type           Power      Damage    Failure   Level
 Summon Small Mammal      Summ           100%       N/A       1%          1
 Call Imp                 Summ           42%        N/A       1%          2
 Call Canine Familiar     Summ           42%        N/A       1%          3
 Iskenderun's Mystic Bla  Conj/Tloc      45%        2d10      3%          4


Dungeon Overview and Level Annotations

Branches:
Dungeon (9/15)             Temple (1/1) D:4            Lair (2/6) D:9
  Swamp: Lair:2-4    Shoals: Lair:2-4     Snake: Lair:2-4    Spider: Lair:2-4
    Orc: D:9-12

Shops:
D:3 [   D:4 =!?

Annotations:
Lair:1 exclusion: 2 oklob plants


Innate Abilities, Weirdness & Mutations

Your attributes grow dramatically as you level up.
You have an increased reservoir of magic. (+10% MP)
You shall have no god before yourself.


Message History

You hear an angry hiss.
Your magical contamination has completely faded away.
You feel sick.
Casting: Fulminant Prism (mildly dangerous; 1% risk of failure)
Confirm with . or Enter, or press ? or * to list all spells.
A guardian golem appears, shielding your allies.
You feel sick.
The yak is engulfed in blazing flames.
The cane toad stings you!
* * * LOW HITPOINT WARNING * * *
You swap places.
You feel sick.
A yak comes into view.
The cane toad stings your guardian golem but does no damage.
The yak is engulfed in blazing flames. x2
You feel sick.
The cane toad stings your guardian golem.
The yak is engulfed in blazing flames. x2
You feel sick.
The cane toad stings your guardian golem but does no damage.
The yak is engulfed in blazing flames.
The cane toad stings your guardian golem.
You feel sick.
The cane toad stings your guardian golem.
You feel sick.
You are no longer poisoned.
The cane toad stings your guardian golem!
The cane toad stings your guardian golem.
Something stings your guardian golem!
Your guardian golem overheats!
Something stings your guardian golem but does no damage.
There is a stone staircase leading up here.
The yak gores you.
* * * LOW HITPOINT WARNING * * *
You climb upwards.
Level annotation: exclusion: 2 oklob plants
There is a stone staircase leading down here.
The yak gores you!
* * * LOW HITPOINT WARNING * * *
As you read the scroll of teleportation, it crumbles to dust.
You feel strangely unstable. The yak gores you but does no damage.
You feel yourself speed up. The yak gores you!
You die...

##...## ##.........# ### ##....#
##..........###.# ##...##
#...............# #....###
###.>.#............ #......#
#.#...#............ ###....#
##....#............ # #.##.##
#....#...........(( # #.....##
##Y..............(. # #...⌠..##
#.@..#...........(( # #.#.....##
##..................
###..#.....###....#..............
.#.....##.......###..............
###....##...⌠...###............#.
###....##.......##.............#.
..#....##.⌠...⌠.###............#.
.......##.......# #..............
#.#....##...⌠...###............#.


You could see a yak.

Vanquished Creatures
  A cane toad (Lair:1)
  Maggie (D:6)
  A komodo dragon (Lair:2)
  An ice devil (Lair:1)
  Prince Ribbit (D:6)
  A hornet (D:8)
  Sigmund (D:5)
  A wraith (D:9)
  13 yaks
  Menkaure (D:6)
  4 water moccasins
  Duvessa (D:5)
  A black bear (D:7)
  An ice beast (D:7)
  A sky beast (D:8)
  4 orc warriors
  3 necrophages
  4 ogres
  5 wolves (Lair:1)
  A centaur (D:6)
  A phantom (D:7)
  A bullfrog (D:6)
  2 scorpions
  Dowan (D:5)
  A wyvern skeleton (D:7)
  3 wights (D:8)
  An electric eel (Lair:1)
  3 centaur zombies
  2 jellies
  Crazy Yiuf (D:3)
  2 hounds (D:6)
  2 gnoll shamans (D:6)
  3 orc priests
  A centaur skeleton (D:5)
  A bullfrog skeleton (D:6)
  A scorpion zombie (D:5)
  4 iguanas
  8 orc wizards
  3 hell rats
  2 killer bee zombies
  A hound skeleton (D:4)
  2 howler monkey zombies
  6 gnolls
  A river rat (D:9)
  5 adders
  2 howler monkey skeletons
  A shadow imp (D:4)
  A white imp (D:6)
  2 worms
  A dart slug (D:5)
  22 orcs
  8 bats
  9 endoplasms
  8 giant cockroaches
  12 hobgoblins
  4 jackals (D:1)
  A nameless horror (D:7)
  4 quokkas
  6 ball pythons
  6 frilled lizards
  4 goblins
  6 kobolds
  8 rats
210 creatures vanquished.

Vanquished Creatures (collateral kills)
  A black mamba (Lair:1)
  A cane toad (Lair:1)
  4 blink frogs (Lair:1)
  A basilisk (Lair:1)
  5 yaks
  A water moccasin (Lair:1)
  7 wolves (Lair:1)
  2 bullfrogs
  A nameless horror (Lair:1)
23 creatures vanquished.

Vanquished Creatures (others)
  4 two-headed ogres
  3 death yaks (D:9)
  An ice devil (Lair:1)
  A polar bear (Lair:1)
  A hornet (D:8)
  5 yaks
  109 fulminant prisms
  7 fungi
  22 plants (Lair:1)
153 creatures vanquished.

Grand Total: 386 creatures vanquished

Notes
Turn   | Place    | Note
-------+----------+-------------------------------------------
     0 | D:1      | unlimited the Demigod Conjurer began the quest for the Orb.
     0 | D:1      | Reached XP level 1. HP: 14/14 MP: 5/5
   415 | D:1      | Reached XP level 2. HP: 20/20 MP: 1/7
  1074 | D:1      | Reached XP level 3. HP: 26/26 MP: 0/8
  1542 | D:2      | Learned a level 3 spell: Dazzling Flash
  2682 | D:2      | Learned a level 2 spell: Searing Ray
  2706 | D:2      | Reached XP level 4. HP: 19/33 MP: 0/10
  2972 | D:3      | Found Somm's Armour Shop.
  3000 | D:3      | Bought a +0 hat of stealth for 132 gold pieces
  3000 | D:3      | Bought a +0 robe of positive energy for 56 gold pieces
  3047 | D:3      | Found a runed translucent door.
  3048 | D:3      | Noticed Crazy Yiuf
  3059 | D:3      | Killed Crazy Yiuf
  3834 | D:4      | Reached XP level 5. HP: 38/38 MP: 3/11
  4037 | D:4      | Found Ryomalui's Distillery.
  4037 | D:4      | Noticed a necrophage
  4043 | D:4      | Killed a necrophage
  4044 | D:4      | Reached skill level 5 in Conjurations
  4148 | D:4      | Learned a level 4 spell: Fulminant Prism
  4297 | D:4      | Found a staircase to the Ecumenical Temple.
  4306 | Temple   | Entered the Ecumenical Temple
  5186 | D:4      | Noticed an ogre
  5192 | D:4      | Killed an ogre
  5193 | D:4      | Reached XP level 6. HP: 45/45 MP: 7/14
  5458 | D:4      | Found Nocuclie's Magic Scroll Shop.
  5492 | D:4      | Bought a scroll of identify for 20 gold pieces
  5492 | D:4      | Bought a scroll of identify for 20 gold pieces
  5492 | D:4      | Bought a scroll of blinking for 75 gold pieces
  5573 | D:4      | Found Cuamn's Jewellery Boutique.
  5639 | D:5      | Entered Level 5 of the Dungeon
  5883 | D:5      | Reached XP level 7. HP: 51/51 MP: 10/16
  6416 | D:5      | Noticed Sigmund
  6433 | D:5      | Killed Sigmund
  6676 | D:5      | Reached skill level 5 in Spellcasting
  6821 | D:5      | Noticed Duvessa
  6837 | D:5      | Killed Duvessa
  6898 | D:5      | Noticed Dowan
  6901 | D:5      | Killed Dowan
  6919 | D:5      | Reached XP level 8. HP: 56/58 MP: 2/19
  7853 | D:6      | Reached skill level 1 in Fighting
  7853 | D:6      | Reached skill level 1 in Hexes
  8201 | D:6      | Noticed Menkaure
  8205 | D:6      | Killed Menkaure
  8206 | D:6      | Reached skill level 1 in Staves
  8492 | D:6      | Noticed Maggie
  8545 | D:6      | Identified the +10 kite shield "Cappeil" {*Slow +Blink
                  | rElec}
  8680 | D:6      | Noticed Prince Ribbit
  8686 | D:6      | Killed Prince Ribbit
  8911 | D:6      | Killed Maggie
  8912 | D:6      | Reached XP level 9. HP: 37/67 MP: 4/22
 10861 | D:7      | Reached skill level 1 in Armour
 11315 | D:7      | Learned a level 3 spell: Summon Guardian Golem
 11916 | D:8      | Noticed a two-headed ogre
 12030 | D:8      | Killed a two-headed ogre
 12044 | D:8      | Reached skill level 1 in Summonings
 13167 | D:8      | Reached XP level 10. HP: 73/73 MP: 25/25
 15021 | D:9      | Noticed a death yak
 15023 | D:9      | Noticed a death yak
 15030 | D:9      | Noticed a death yak
 15240 | D:9      | Killed a death yak
 15255 | D:9      | HP: 3/74 [death yak (16)]
 15622 | D:9      | Killed a death yak
 15752 | D:9      | Found a staircase to the Lair.
 15825 | D:9      | Noticed a two-headed ogre
 15843 | D:9      | Killed a two-headed ogre
 16125 | D:9      | Noticed a two-headed ogre
 16159 | D:9      | Killed a two-headed ogre
 16160 | D:9      | Reached skill level 5 in Hexes
 16309 | D:9      | Noticed a two-headed ogre
 16330 | D:9      | Killed a two-headed ogre
 16896 | D:9      | Learned a level 4 spell: Summon Ice Beast
 16901 | D:9      | Learned a level 4 spell: Summon Lightning Spire
 16959 | D:9      | Killed a death yak
 16960 | D:9      | Reached XP level 11. HP: 80/80 MP: 18/27
 17013 | Lair:1   | Entered Level 1 of the Lair of Beasts
 17767 | Lair:1   | Reached skill level 1 in Ice Magic
 18137 | Lair:1   | Reached skill level 1 in Air Magic
 19976 | Lair:1   | HP: 3/80 [yak[a torpor snail] (13)]
 19980 | Lair:1   | Slain by a yak

Illustrated notes

Levels and vault maps discovered:
D:1:      dpeg_arrival_short_road, layout_basic,
          shapermc_ecumenical_altar_totnotflames, minmay_close_crescents
D:2:      layout_rooms, basic_altar, minmay_misc_feat_more_columns
D:3:      layout_rooms, serial_shops, shop_coins, dk_noncrumbling_2,
          uniq_crazy_yiuf_cottage
D:4:      layout_basic, nicolae_dithmenos_the_darkroom,
          lemuel_temple_firewalk_b, serial_shops, nicolae_shop_crystal,
          nicolae_shop_behind_doors, shop
D:5:      layout_loops_ring, uniq_duvessa, uniq_sigmund
D:6:      layout_basic, old_standard_altar, okawaru_gym_becter,
          uniq_prince_ribbit1, uniq_maggie, uniq_menkaure
D:7:      layout_basic, lemuel_doored_altar, grunt_ministairs_2,
          kennysheep_generic_room_11
D:8:      layout_gridville
D:9:      layout_roguey, lemuel_crystal_altar, lemuel_tele_altar,
          nicolae_overflow_crystal_walls, dpeg_lair_monsters,
          dk_rats_in_the_wall
Temple:   minmay_temple_forest_path
Lair:1:   layout_gridlike, portal_ice_cave_demonic_guard, grunt_megastairs_4,
          serial_bayou_shore_a, lemuel_fruit_tree, minmay_lair_oklob_chamber
Lair:2:   layout_regular_city, spider_nest_entry_funnel_web

Skill      XL: |  1  2  3  4  5  6  7  8  9 10 11 |
---------------+----------------------------------+-----
Conjurations   | 4 5 6 7 8 9 |  9.4
Spellcasting   | 2 3 4 5 6 7 8 9 |  9.3
Dodging        | 2 3 |  3.8
Stealth        | 2 3 4 |  4.4
Fighting       | 1 2 |  2.5
Hexes          | 1 3 5 6 |  6.4
Staves         | 2 3 4 |  4.2
Armour         | 3 4 |  4.5
Summonings     | 1 3 4 |  4.3
Ice Magic      | 1 |  1.1
Air Magic      | 1 |  1.2
Throwing       | |  0.3

Action                   |  1- 3 |  4- 6 |  7- 9 | 10-12 || total
-------------------------+-------+-------+-------+-------++-------
Melee: Unarmed           |     1 |       |       |       ||     1
       Staff             |    11 |       |       |       ||    11
       Whip              |     1 |       |       |       ||     1
       Quarterstaff      |       |     1 |    43 |    67 ||   111
Throw: Dart              |       |       |     4 |     3 ||     7
 Cast: Magic Dart        |   124 |    61 |   111 |     1 ||   297
       Searing Ray       |     2 |    14 |    29 |     3 ||    48
       Dazzling Flash    |     1 |       |       |       ||     1
       Fulminant Prism   |       |     2 |    46 |    61 ||   109
       Summon Guardian G |       |       |    11 |    45 ||    56
       Summon Ice Beast  |       |       |       |    21 ||    21
       Summon Lightning  |       |       |       |    21 ||    21
Evoke: Wand              |       |       |       |     4 ||     4
  Use: Potion            |     2 |     4 |     6 |     5 ||    17
       Scroll            |       |     6 |     7 |    14 ||    27
 Stab: Distracted        |       |       |       |     1 ||     1
Armor: Robe              |    13 |       |     4 |       ||    17
       Skin              |       |     1 |       |       ||     1
       Acid dragon scale |       |       |    35 |    47 ||    82
Dodge: Dodged            |    48 |    12 |    94 |   133 ||   287

Table legend: (Time is in decaauts)
 A = Elapsed time spent in this place.
 B = Non-inter-level travel time spent in this place.
 C = Inter-level travel time spent in this place.
 D = Time resting spent in this place.
 E = Time spent auto-exploring this place.
 F = Levels seen in this place.
 G = Mean time per level.
                   A        B        C        D        E       F      G
               +--------+--------+--------+--------+--------+-----+--------+
         Total |  20021 |  10525 |   9496 |   7776 |      0 |  12 | 1668.4 |
       Dungeon |  16604 |   8675 |   7929 |   6592 |      0 |   9 | 1844.9 |
        Temple |    441 |      8 |    433 |      0 |      0 |   1 |  441.0 |
          Lair |   2975 |   1841 |   1134 |   1184 |      0 |   2 | 1487.5 |
               +--------+--------+--------+--------+--------+-----+--------+

Top non-repeatable levels by time:
  Lair:1: 2870 daAuts
     D:7: 2629 daAuts
     D:8: 2476 daAuts
     D:9: 2418 daAuts
     D:5: 2308 daAuts
     D:4: 1626 daAuts
     D:1: 1484 daAuts
     D:6: 1462 daAuts
     D:2: 1329 daAuts
     D:3: 869 daAuts
  Temple: 441 daAuts
  Lair:2: 104 daAuts
